 Dungeon Crawl Stone Soup version 0.30-a0-125-g51eefa89be (webtiles) character file.

Game seed: 2946190371134946213

29 Armakuni the Charlatan (level 3, -2/28 HPs)
             Began as a Human Wanderer on Sept 16, 2022.
             Slain by Terence
             ... wielding a +0 short sword
              (6 damage)
             ... on level 2 of the Dungeon on Sept 18, 2022.
             The game lasted 00:03:15 (1975 turns).

Armakuni the Charlatan (Human Wanderer)             Turns: 1975, Time: 00:03:15

Health: -2/28      AC:  2    Str:  9    XL:     3   Next: 32%
Magic:  6/6        EV: 11    Int: 14    God:
Gold:   65         SH:  4    Dex: 15    Spells: 5/6 levels left

rFire   . . .      SeeInvis .    a - +1 short sword (venom)
rCold   . . .      Faith    .    b - +0 buckler
rNeg    . . .      Spirit   .    e - +0 robe
rPois   .          Reflect  .    (no helmet)
rElec   .          Harm     .    (no cloak)
rCorr   .          Rampage  .    (no gloves)
Will    .....                    (no boots)
Stlth   +.........               (no amulet)
HPRegen 0.09/turn                (no ring)
MPRegen 0.10/turn                (no ring)

@: no status effects
A: no striking features
a: no special abilities


You were on level 2 of the Dungeon.
You visited 1 branch of the dungeon, and saw 2 of its levels.

You collected 95 gold pieces.
You spent 30 gold pieces at shops.

Inventory:

Hand Weapons
 a - a +1 short sword of venom (weapon)
Missiles
 p - 5 boomerangs of dispersal
Armour
 b - a +0 buckler (worn)
 d - a +0 robe
 e - a +0 robe (worn)
 m - a +0 leather armour
Wands
 h - a wand of acid (1)
Scrolls
 c - a scroll of blinking
 f - a scroll of vulnerability {unknown}
 g - 2 scrolls of teleportation
 j - a scroll of amnesia
 n - 2 scrolls of butterflies
 q - a scroll of immolation {unknown}
 r - a scroll of identify
 t - 2 scrolls of magic mapping {unknown}
Potions
 i - a potion of invisibility {unknown}
 k - a potion of curing
 l - a potion of ambrosia {unknown}
 o - a potion of resistance {unknown}
 s - a potion of lignification {unknown}


   Skills:
 + Level 2.7 Fighting
 - Level 1.0 Dodging
 - Level 1.0 Shields
 - Level 2.0 Spellcasting
 - Level 1.0 Poison Magic
 - Level 5.0 Evocations


You had 5 spell levels left.
You knew the following spells:

 Your Spells              Type           Power      Damage    Failure   Level
a - Sting                 Tmut/Pois      8%         1d3       26%         1

Your spell library contained the following spells:

 Spells                   Type           Power      Damage    Failure   Level
 Spider Form              Tmut/Pois      2%         N/A       61%         3


Dungeon Overview and Level Annotations

Branches:
Dungeon (2/15)

Altars:

Shops:
D:1 !

Annotations:
D:2 Terence


Message History

You barely miss the hobgoblin.
The hobgoblin is heavily wounded.
The hobgoblin hits you.
You hit the hobgoblin.
You kill the hobgoblin!
No target in view!
No target in view!
No target in view!
No target in view!
No target in view!
Found a plate armour.
t - a scroll labelled ISOEQI BIUBOKHLUJ
t - 2 scrolls labelled ISOEQI BIUBOKHLUJ (gained 1) Terence the Incautious comes into view.
He is wielding a +0 short sword.
Terence shouts!
Terence hits you with a +0 short sword.
You barely miss Terence. Terence barely misses you.
You barely miss Terence. Terence closely misses you.
Terence hits you with a +0 short sword.
You barely miss Terence. Terence hits you with a +0 short sword.
You barely miss Terence. Terence hits you but does no damage.
You closely miss Terence. You block Terence's attack.
You closely miss Terence. Terence hits you with a +0 short sword!
You hit Terence.
Terence is moderately wounded.
Terence hits you with a +0 short sword.
You completely miss Terence.
Terence is moderately wounded.
Terence hits you with a +0 short sword.
* * * LOW HITPOINT WARNING * * *
You hit Terence.
Terence is poisoned.
Terence is heavily wounded.
Terence barely misses you.
You hit Terence.
Terence looks as sick as possible!
Terence is heavily wounded.
You block Terence's attack.
You closely miss Terence.
Terence is severely wounded.
Terence hits you with a +0 short sword.
You die...

........##### #.#
#######.# # #.#
#.# #.# #.#
#.#.#######.##
#.#.##.......#
#.#.##.#######
#@#.##.#
#@#.##.#####
#.#........#
#.#........####
#.............#
##
#####.###.#####.#
.. #......##.# ##
###.#..##.# .
#.#..##.# #
#....##.#


You could see Terence (extremely poisoned).

Vanquished Creatures
  A dart slug (D:2)
  4 bats
  4 endoplasms (D:1)
  A giant cockroach (D:2)
  2 goblins (D:2)
  2 hobgoblins
  3 kobolds
  2 quokkas (D:1)
  2 ball pythons (D:1)
  3 rats
24 creatures vanquished.

Notes
Turn   | Place    | Note
-------+----------+-------------------------------------------
     0 | D:1      | Armakuni the Human Wanderer began the quest for the Orb.
     0 | D:1      | Armakuni set off with the following items: a +0 dagger, a
                  | +0 buckler, a scroll of blinking, a +0 robe, a wand of acid
                  | (2); and the following spell memorised: Sting; and the
                  | following spells available to memorise: Spider Form.
     0 | D:1      | Reached XP level 1. HP: 13/13 MP: 3/3
     0 | D:1      | Upgraded the game from 0.30-a0-122-g2a1322497e to
                  | 0.30-a0-125-g51eefa89be
    74 | D:1      | Reached skill level 1 in Fighting
   401 | D:1      | Found Byfelen's Distillery.
   412 | D:1      | Bought a potion of curing for 30 gold pieces
   486 | D:1      | Reached XP level 2. HP: 10/21 MP: 5/5
  1459 | D:2      | Reached XP level 3. HP: 27/28 MP: 6/6
  1961 | D:2      | Noticed Terence
  1975 | D:2      | Slain by Terence

Illustrated notes

Levels and vault maps discovered:
D:1:      scummos_arrival_simple_crosswalls, layout_loops_corners, serial_shops,
          nicolae_square_shop
D:2:      layout_basic, serial_bayou_pond_a, uniq_terence

Skill      XL: |  1  2 |
---------------+-------+-----
Fighting       | 1 2 |  2.7
Dodging        | |  1.0
Shields        | |  1.0
Spellcasting   | |  2.0
Poison Magic   | |  1.0
Evocations     | |  5.0

Action                   || total
-------------------------++-------
Melee: Short sword       ||    72
       Dagger            ||     5
Evoke: Wand              ||     1
  Use: Scroll            ||     3
 Stab: Sleeping          ||     1
Armor: Robe              ||    15
Dodge: Dodged            ||    32
Block: Buckler           ||    11

Table legend: (Time is in decaauts)
 A = Elapsed time spent in this place.
 B = Non-inter-level travel time spent in this place.
 C = Inter-level travel time spent in this place.
 D = Time resting spent in this place.
 E = Time spent auto-exploring this place.
 F = Levels seen in this place.
 G = Mean time per level.
                   A        B        C        D        E       F      G
               +--------+--------+--------+--------+--------+-----+--------+
         Total |   1978 |   1934 |     44 |      0 |   1628 |   2 |  989.0 |
       Dungeon |   1978 |   1934 |     44 |      0 |   1628 |   2 |  989.0 |
               +--------+--------+--------+--------+--------+-----+--------+

Top non-repeatable levels by time:
     D:1: 1298 daAuts
     D:2: 680 daAuts
